 Dungeon Crawl Stone Soup version 0.29.0-15-g675c0067aa (webtiles) character file.

Game seed: 16068195527109040921

14 qw the Sneak (level 2, 0/19 HPs)
             Began as a Gargoyle Delver on Sept 11, 2022.
             Slain by a hound (1 damage)
             ... on level 4 of the Dungeon.
             The game lasted 00:00:06 (112 turns).

qw the Sneak (Gargoyle Delver)                       Turns: 112, Time: 00:00:06

Health: 0/19       AC:  5    Str: 15    XL:     2   Next: 41%
Magic:  2/2        EV: 11    Int: 10    God:
Gold:   0          SH:  0    Dex: 11    Spells: 1/1 levels left

rFire   . . .      SeeInvis .   a - +0 hand axe
rCold   . . .      Faith    .   (no shield)
rNeg    + . .      Spirit   .   b - +0 leather armour
rPois   inf        Reflect  .   (no helmet)
rElec   +          Harm     .   (no cloak)
rCorr   .          Rampage  .   (no gloves)
Will    .....                   (no boots)
Stlth   +++.......              (no amulet)
HPRegen 0.06/turn               (no ring)
MPRegen 0.08/turn               (no ring)

@: no status effects
A: sickness immunity, AC +2, negative energy resistance 1, electricity
resistance, torment resistance 1, petrification resistance
a: no special abilities


You were on level 4 of the Dungeon.
You visited 1 branch of the dungeon, and saw 2 of its levels.


Innate Abilities, Weirdness & Mutations

You are immune to sickness and miasma.
Your stone body is resilient. (AC +2)
You are immune to poison.
You resist negative energy. (rN+)
You are resistant to electric shocks. (rElec)
You are resistant to unholy torment.
You are immune to petrification.


   Skills:
 - Level 3.2 Fighting
 + Level 2.7 Axes
 - Level 1.5 Dodging
 - Level 5.4 Stealth


You had one spell level left.
You didn't know any spells.
Your spell library was empty.

Inventory:

Hand Weapons
 a - a +0 hand axe (weapon)
 c - a +0 club
Armour
 b - a +0 leather armour (worn)
Jewellery
 d - an amulet of faith
Wands
 g - a wand of digging (3)
Scrolls
 e - a scroll of identify {unknown}
Potions
 f - a potion of haste

Dungeon Overview and Level Annotations

Branches:
Dungeon (5/15)
 Temple: D:4-7

Altars:
Ru


Message History

You kill the goblin!
You miss the hound. The hound bites you. x2
You closely miss the hound. The hound closely misses you. The hound bites you.
You barely miss the hound. The hound barely misses you. The hound bites you.
You miss the hound. The hound closely misses you.
You barely miss the hound.
The hound bites you but does no damage. x2
You miss the hound. The hound barely misses you. The hound bites you.
You miss the hound. The hound misses you. The hound barely misses you.
You hit the hound.
The hound is moderately wounded.
The hound closely misses you.
You barely miss the hound.
The hound is moderately wounded.
The hound bites you but does no damage. The hound bites you.
You miss the hound.
The hound is moderately wounded.
The hound barely misses you. The hound bites you.
You closely miss the hound.
The hound is moderately wounded.
The hound closely misses you. The hound bites you but does no damage.
You barely miss the hound.
The hound is moderately wounded.
The hound bites you.
You miss the hound.
The hound is moderately wounded.
The hound closely misses you. The hound bites you.
You hit the hound.
The hound is heavily wounded.
The hound bites you but does no damage. The hound closely misses you.
You closely miss the hound.
The hound is moderately wounded.
The hound barely misses you. The hound bites you.
You die...

###.#### #...# # ...
..# #...# #.##.##.#
#...# ## #.......#
#...# ..
#.##....######...##.##.
#.####.................
#...............h......
.....#.........@)......
#.###...######...##.##.
#......%.# #...#
###...%>.# #...#
#......# #...#
>...#...## #...#
##..##### #...# #.
#...# #


You could see a hound.

Vanquished Creatures
  An adder (D:4)
  A dart slug (D:4)
  A goblin (D:4)
  A kobold (D:4)
4 creatures vanquished.

Notes
Turn   | Place    | Note
-------+----------+-------------------------------------------
     0 | D:5      | qw the Gargoyle Delver began the quest for the Orb.
     0 | D:5      | Reached XP level 1. HP: 14/14 MP: 1/1
     0 | D:5      | 0 ||| qw: Version: 0.1-a-117-gfe26ee0
     0 | D:5      | 0 ||| qw: Game counter: 9927
     0 | D:5      | 0 ||| qw: Always use a shield: true
     0 | D:5      | 0 ||| qw: God list: Okawaru
     0 | D:5      | 0 ||| qw: Allow faded altars: false
     0 | D:5      | 0 ||| qw: Do Orc after D:15 true
     0 | D:5      | 0 ||| qw: Do second Lair branch before Depths: true
     0 | D:5      | 0 ||| qw: Lair rune preference: random
     0 | D:5      | 0 ||| qw: Plans: Normal
     0 | D:5      | 0 ||| PLANNING D:1-11
     1 | D:5      | 1 ||| DROPPING scroll of fog.
     2 | D:5      | 2 ||| DROPPING scroll of magic mapping.
     3 | D:5      | 3 ||| DROPPING scroll of fear.
     6 | D:5      | Found a sacrificial altar of Ru.
    33 | D:4      | Reached XP level 2. HP: 16/19 MP: 2/2
   107 | D:4      | HP: 3/19 [hound (4)]
   110 | D:4      | HP: 1/19 [hound (1)]
   112 | D:4      | Slain by a hound

Levels and vault maps discovered:
D:4:      layout_loops_cross, makhleb_heckhound_becter, zin_treasury,
          minmay_misc_feat_rugged, nicolae_grassy_gnolls
D:5:      layout_basic, old_standard_altar

Skill      XL: |  1 |
---------------+----+-----
Axes           | 2 |  2.7
Fighting       | |  3.2
Dodging        | |  1.5
Stealth        | |  5.4

Action                   || total
-------------------------++-------
Melee: Hand axe          ||    32
 Stab: Sleeping          ||     1
Armor: Leather armour    ||    13
Dodge: Dodged            ||    22

Table legend:
 A = Non-vault XP
 B = Vault XP
 C = Vault XP percentage of total XP
 D = Non-vault monster count
 E = Vault monster count
 F = Vault count percentage of total count
                 A         B        C        D         E       F
            +---------+---------+-------+---------+---------+-------
      Total |      20 |       0 |   0.0 |       4 |       0 |   0.0
            +---------+---------+-------+---------+---------+-------
        D:4 |      20 |       0 |   0.0 |       4 |       0 |   0.0
            +---------+---------+-------+---------+---------+-------
